 Dungeon Crawl Stone Soup version 0.31-a0-496-g6f97920a28 (webtiles) character file.

Game seed: 2388461283473364429

21817 MackTheKnife the Fighter (level 12, -1/106 HPs)
             Began as a Red Draconian Conjurer on Aug 8, 2023.
             Was a High Priest of Vehumet.
             Slain by a skyshark (5 damage)
             ... on level 3 of the Lair of Beasts.
             The game lasted 00:32:56 (17105 turns).

MackTheKnife the Fighter (Red Draconian Conjurer)  Turns: 17105, Time: 00:32:56

Health: -1/106     AC: 10    Str: 10    XL:     12   Next: 57%
Magic:  1/24       EV: 19    Int: 29    God:    Vehumet [*****.]
Gold:   297        SH:  5    Dex: 21    Spells: 11/28 levels left

rFire   + + .        y - +8 quarterstaff of the Vestibule of Hell {flame, *Rage rPois rN+ Dex+5, staff}
rCold   + + .        (shield currently unavailable)
rNeg    + + .        (body armour unavailable)
rPois   +            (helmet restricted)
rElec   .            u - scarf of Gozag's Brutal Revenge {+Inv, Drain rC+ Will++ rCorr}
rCorr   +            (no gloves)
SInv    .            v - +1 pair of boots
Will    +++..        c - amulet of reflection
Stlth   ++           o - ring of the Endless Wonders {Fly rF+ rC+ Int+3 Dex+3}
HPRegen 0.37/turn    e - ring of Imuntid {rPois rN+ Will+ Str-2 Int+8}
MPRegen 0.19/turn

%: random rage (20%), reflection
@: flying
A: breathe fire, AC +8, unfitting armour, fire resistance 1, cold-blooded
a: Breathe Fire, Renounce Religion, Evoke Invisibility


You were on level 3 of the Lair of Beasts.
You worshipped Vehumet.
Vehumet was extremely pleased with you.
You visited 3 branches of the dungeon, and saw 14 of its levels.

You collected 1015 gold pieces.
You spent 718 gold pieces at shops.


Innate Abilities, Weirdness & Mutations

You can breathe blasts of fire.
Your fiery red scales are hard. (AC +8)
You cannot fit into any form of body armour.
Your flesh is heat resistant. (rF+)
You are cold-blooded and may be slowed by cold attacks.


   Skills:
 - Level 10.0 Fighting
 - Level 10.0 Dodging
 - Level 1.7 Stealth
 + Level 8.8 Spellcasting
 - Level 7.2 Conjurations
 - Level 3.8 Hexes
 - Level 4.5 Summonings
 - Level 5.0 Translocations
 - Level 8.1 Fire Magic
 - Level 4.5 Air Magic


You had 11 spell levels left.
You knew the following spells:

 Your Spells              Type           Power      Damage    Failure   Level
a - Magic Dart            Conj           100%       1d8       1%          1
b - Searing Ray           Conj           100%       2d8       1%          2
c - Fulminant Prism       Conj/Hex       22%        3d12      1%          4
d - Iskenderun's Mystic   Conj/Tloc      48%        2d11      1%          4
e - Scorch                Fire           100%       2d9       1%          2
f - Summon Lightning Spi  Summ/Air       39%        N/A       6%          4

Your spell library contained the following spells:

 Spells                   Type           Power      Damage    Failure   Level
 Airstrike                Air            19%        2d(3-19)  1%          4
 Kiss of Death            Conj/Necr      100%       2d13      1%          1
 Dazzling Flash           Conj/Hex       90%        N/A       1%          3
 Flame Wave               Conj/Fire      55%        2d13      1%          4
 Confusing Touch          Hex            35%        N/A       2%          3
 Lee's Rapid Deconstruct  Erth           6%         3d6*      28%         5
 Dispel Undead            Necr           12%        3d9       38%         4
 Summon Cactus Giant      Summ           19%        N/A       69%         6
 Chain Lightning          Conj/Air       23%        3d31      100%        9
 Fire Storm               Conj/Fire      27%        8d7       100%        9
 Shatter                  Erth           6%         3d9*      100%        9
 Animate Armour           Summ/Erth      Unusable   N/A       N/A         4

Inventory:

Hand Weapons
 y - the +8 quarterstaff of the Vestibule of Hell (weapon) {flame, *Rage rPois rN+ Dex+5, staff}
   (You found it on level 1 of the Lair of Beasts)

   Dex:       It affects your dexterity (+5).
   rPois:     It protects you from poison.
   rN:        It protects you from negative energy.
   *Rage:     It berserks you when you make melee attacks (+20% chance).
Armour
 u - the scarf of Gozag's Brutal Revenge (worn) {+Inv, Drain rC+ Will++ rCorr}
   (You acquired it on level 5 of the Dungeon)

   rC:        It protects you from cold.
   rCorr:     It protects you from acid and corrosion.
   Drain:     It drains your maximum health when unequipped.
   Will:      It greatly increases your willpower.
 v - a +1 pair of boots (worn)
   (You found it on level 7 of the Dungeon)
Jewellery
 c - an amulet of reflection (around neck)
   (You found it on level 1 of the Dungeon)
 e - the ring of Imuntid (right hand) {rPois rN+ Will+ Str-2 Int+8}
   (You acquired it on level 5 of the Dungeon)

   [ring of willpower]

   Str:       It affects your strength (-2).
   Int:       It affects your intelligence (+8).
   rPois:     It protects you from poison.
   rN:        It protects you from negative energy.
   Will:      It increases your willpower.
 o - the ring of the Endless Wonders (left hand) {Fly rF+ rC+ Int+3 Dex+3}
   (You bought it in a shop on level 3 of the Dungeon)

   [ring of protection from cold]

   Int:       It affects your intelligence (+3).
   Dex:       It affects your dexterity (+3).
   rF:        It protects you from fire.
   rC:        It protects you from cold.
   Fly:       It grants you flight.
 x - a +6 ring of intelligence
   (You found it on level 2 of the Lair of Beasts)
Wands
 m - a wand of quicksilver (2)
   (You found it on level 6 of the Dungeon)
 w - a wand of flame (13)
   (You took it off an orc on level 9 of the Dungeon)
 B - a wand of polymorph (5)
   (You found it on level 2 of the Lair of Beasts)
Scrolls
 b - a scroll of fog
 d - 4 scrolls of vulnerability {!r!r}
 f - 2 scrolls of blinking {!r}
 i - 3 scrolls of teleportation {@r4}
 j - 4 scrolls of immolation {!r!r}
 k - 3 scrolls of fear
 s - a scroll of amnesia
 t - a scroll of enchant weapon
 C - a scroll of identify {@r1}
Potions
 a - a potion of berserk rage {!q}
 g - 5 potions of curing {@q1}
 h - a potion of invisibility
 l - 4 potions of attraction {!q}
 n - a potion of enlightenment
 p - a potion of haste {@q3}
 q - 3 potions of lignification {!q}
 r - a potion of heal wounds {@q2}
 z - a potion of brilliance
 A - a potion of degeneration {unknown}
 D - a potion of might {unknown}

Dungeon Overview and Level Annotations

Branches:
Dungeon (10/15) Zot: 24523  Temple (1/1) D:4 Zot: 5977    Lair (3/5) D:10 Zot: 14230
 Spider (0/4) Lair:3          Orc (0/2) D:10
  Swamp: Lair:2-3    Shoals: Lair:2-3

Altars:
Ashenzari
Cheibriados
Dithmenos
Elyvilon
Fedhas
Gozag
Hepliaklqana
Kikubaaqudgha
Makhleb
Nemelex Xobeh
Okawaru
Qazlal
Ru
Sif Muna
Trog
Uskayaw
Vehumet
Wu Jian
Xom
Yredelemnul
Zin
The Shining One

Shops:
D:1 [   D:3 ==:*[   D:4 :   D:5 (   D:10 ([

Annotations:
D:2 1 runed translucent door, Crazy Yiuf
D:4 Sigmund
Lair:2 exclusion: oklob plant

##.P......................#.
#.......#.#.#.#.#.#.#.#.#..#
##.#.....#................##
#.##'#.P................##
#####......P............##
##..8..#P............#
##........#.........#
#..l....######....##
#...@...# #.....# #P.....##
##...## #......# ##...#
##....## #..## #.....# #..#
##.....## ##.# ######......#
#.# #.........###♣~. ♣..♣
#|# #.........# ..♣♣♣.. #.##


You could see a skyshark (berserk, ally target) and a friendly lightning spire
(summoned).


Message History

You kill the cane toad!
Vehumet accepts your kill.
You feel your power returning.
You feel sick.
The water moccasin bites your fulminant prism. x2
Your fulminant prism crackles loudly. 😮 HP[-1] MP[+3]
You take 1 damage, and now have 58/106 hp.
You regained 3 mp, and now have 7/24 mp.
You closely miss the skyshark.
Your tail-slap misses the skyshark.
You feel sick.
The water moccasin bites your fulminant prism.
The blast of energy engulfs the water moccasin.
The blast of energy engulfs the fungus!!
The skyshark bites you!
* * * LOW HITPOINT WARNING * * *
The skyshark tastes blood and grows stronger!
You block the skyshark's attack. The skyshark closely misses you.
You hear an angry hiss. 😨 HP[-10]
You take 10 damage, and now have 48/106 hp.
You hit the skyshark. You burn the skyshark.
You feel sick.
A nearby fungus withers and dies.
The skyshark completely misses you. The skyshark barely misses you.
The skyshark tail-slaps you but does no damage.
Your lightning spire shoots out a bolt of lightning at the skyshark!
The bolt of electricity hits the skyshark.
The bolt of electricity hits the water moccasin! x2
The water moccasin dies!
Vehumet accepts your kill.
The skyshark bites you but does no damage.
The skyshark closely misses you. You block the skyshark's attack.
You hear an angry hiss.
Casting: Fulminant Prism (mildly dangerous; 1% risk of failure)
Confirm with . or Enter, or press ? or * to list all spells.
Aiming: Searing Ray (safe; 1% risk of failure)
Press: ? - help, Shift-Dir - straight line The searing ray misses the skyshark. (Press . to maintain the ray.)
You feel sick.
Your lightning spire shoots out a bolt of lightning at the skyshark!
The bolt of electricity hits the skyshark!
A water moccasin comes into view.
The skyshark bites you!
* * * LOW HITPOINT WARNING * * *
The skyshark enters a blood-rage!
The skyshark tail-slaps you.
* * * LOW HITPOINT WARNING * * *
The skyshark tail-slaps you but does no damage. 😨 HP[-18] MP[-1]
You take 18 damage, and now have 30/106 hp.
You lost 1 mp, and now have 6/24 mp.
The searing ray misses the skyshark.
You feel sick.
Your lightning spire shoots out a bolt of lightning at the skyshark!
The bolt of electricity hits the skyshark!
The skyshark bites your lightning spire but does no damage.
The skyshark tail-slaps your lightning spire but does no damage.
The skyshark tail-slaps your lightning spire. 😨 HP[-1] MP[-1]
You take 1 damage, and now have 29/106 hp.
You lost 1 mp, and now have 5/24 mp.
The searing ray hits the skyshark.
You feel sick.
You are no longer poisoned.
The skyshark bites you!
* * * LOW HITPOINT WARNING * * *
The skyshark tail-slaps you but does no damage.
The skyshark barely misses you.
Your lightning spire shoots out a bolt of lightning at the skyshark!
The bolt of electricity hits the skyshark.
The water moccasin bites your lightning spire but does no damage.
The skyshark bites your lightning spire but does no damage.
The skyshark tail-slaps your lightning spire but does no damage.
The skyshark tail-slaps your lightning spire. 😱 HP[-12] MP[-1]
You take 12 damage, and now have 17/106 hp.
You lost 1 mp, and now have 4/24 mp.
Blink to where?
Press: ? - help, Dir - move target
As you read the scroll of blinking {!r}, it crumbles to dust.
The skyshark bites something but does no damage.
The skyshark tail-slaps something but does no damage.
The skyshark tail-slaps something!
Okay, then.
Casting: Searing Ray (safe; 1% risk of failure)
Confirm with . or Enter, or press ? or * to list all spells.
An electric hum fills the air. 😱 HP[+1] MP[-4]
You lost 4 mp, and now have 0/24 mp.
Unknown command. 😱 MP[+1]
The skyshark bites your lightning spire but does no damage.
The skyshark tail-slaps your lightning spire but does no damage.
The skyshark tail-slaps your lightning spire. 😱 HP[+1]
Aiming: Quicksilver Bolt
Press: ? - help, Shift-Dir - straight line, f - skyshark
Aim: a skyshark (severely wounded, berserk, ally target, 79% to hit)
The bolt of dispelling energy hits the skyshark!
The skyshark bites you!
* * * LOW HITPOINT WARNING * * *
The skyshark tail-slaps you.
You die...

Skill      XL: |  1  2  3  4  5  6  7  8  9 10 11 12 |
---------------+-------------------------------------+-----
Spellcasting   | 3 4 5 7 8 |  8.8
Conjurations   | 5 6 7 |  7.2
Hexes          | 1 2 3 |  3.8
Translocations | 2 5 |  5.0
Fire Magic     | 2 8 |  8.1
Fighting       | 4 6 9 10 | 10.0
Dodging        | 3 5 8 10 | 10.0
Summonings     | 3 4 |  4.5
Air Magic      | 3 4 |  4.5
Stealth        | |  1.7

Action                     |  1- 3 |  4- 6 |  7- 9 | 10-12 || total
---------------------------+-------+-------+-------+-------++-------
  Melee: Hand axe          |    17 |       |       |       ||    17
         Tailslap          |     3 |     1 |     8 |    23 ||    35
         Punch             |     1 |       |     1 |       ||     2
         Flail             |       |    13 |       |       ||    13
         Dagger            |       |     5 |    54 |    81 ||   140
         Quarterstaff      |       |       |       |    34 ||    34
   Cast: Magic Dart        |    56 |   110 |   121 |     1 ||   288
         Searing Ray       |     1 |     8 |    15 |    21 ||    45
         Fulminant Prism   |       |       |    24 |    29 ||    53
         Scorch            |       |       |    26 |   223 ||   249
         Summon Lightning  |       |       |       |    46 ||    46
Ability: Breathe Fire      |       |       |     3 |     7 ||    10
  Evoke: Wand              |       |       |     4 |     5 ||     9
    Use: Scroll            |       |    12 |     5 |    13 ||    30
         Potion            |       |     1 |       |       ||     1
   Stab: Distracted        |       |       |       |     1 ||     1
 Armour: Skin              |     3 |    18 |    43 |    93 ||   157
  Dodge: Dodged            |    14 |    26 |    77 |   286 ||   403
  Block: Other             |     4 |     7 |    24 |    75 ||   110
         Reflection        |       |       |     1 |     3 ||     4

Levels and vault maps discovered:
D:1:      dpeg_arrival_tiny_a, layout_basic, serial_shops,
          nicolae_shop_scrapyard, minmay_nonomino_d4
D:2:      kb_forest_paths, layout_rooms, shapermc_ecumenical_altar_ellora,
          grunt_decor_junction, uniq_crazy_yiuf_cottage, uniq_jessica
D:3:      layout_loops_cross, serial_shops, nicolae_shop_tiny_real_fake_doors,
          nicolae_shop_hallway_plus, nicolae_shop_tiny_statue_garden,
          nicolae_shop_gibbet_a_chance, shop, uniq_terence
D:4:      layout_basic, minmay_temple_entry_antechambers, serial_shops, shop,
          uniq_sigmund
D:5:      nicolae_cairo_tiling_large_dashed, layout_cave_pools,
          mainiacjoe_overflow_tiny_flanked, trog_ov_bears_minmay, serial_shops,
          nicolae_shop_back_alley_shop, uniq_menkaure
D:6:      layout_basic, nicolae_overflow_hallway_of_the_gods,
          dreamdust_wishing_well, uniq_duvessa
D:7:      layout_rooms, amethyst_killhole, uniq_pikel
D:8:      layout_basic, hangedman_misty_isle, uniq_joseph
D:9:      layout_basic, serial_bayou_ford_a, kennysheep_generic_room_4
D:10:     layout_rooms, lemuel_crystal_altar, david_lair_generic, orc_david_3,
          grunt_decor_clamped
Temple:   nicolae_temple_hex_pool
Lair:1:   layout_roguey
Lair:2:   dpeg_oklob_gauntlet, layout_regular_city
Lair:3:   layout_chaotic_city, nicolae_swamp_entry_spooky,
          nicolae_spider_entry_tight_spaces, gammafunk_ghost_cemetery,
          st_stairs_11, grunt_megastairs_3, uniq_amaemon

Notes
Turn   | Place    | Note
-------+----------+-------------------------------------------
     0 | D:1      | MackTheKnife the Draconian Conjurer began the quest for the
                  | Orb.
     0 | D:1      | Reached XP level 1. HP: 14/14 MP: 3/3
     0 | D:1      | magus.rc [v1.9.6]
   149 | D:1      | Reached XP level 2. HP: 20/20 MP: 0/5
   205 | D:1      | Learned a level 2 spell: Searing Ray
   594 | D:1      | You pick up a book of Scorching and begin reading...
   594 | D:1      | You add the spells Scorch, Flame Wave and Summon Cactus
                  | Giant to your library.
   664 | D:1      | Found Viutran's Antique Armour Shoppe.
  1100 | D:1      | Reached XP level 3. HP: 16/26 MP: 1/7
  1186 | D:2      | Reached skill level 3 in Spellcasting
  1381 | D:2      | Noticed Jessica
  1384 | D:2      | Killed Jessica
  1385 | D:2      | Reached skill level 5 in Conjurations
  1385 | D:2      | Reached XP level 4. HP: 33/33 MP: 2/8
  1453 | D:2      | Found a runed translucent door.
  1454 | D:2      | Noticed Crazy Yiuf
  1461 | D:2      | Learned a level 4 spell: Fulminant Prism
  1878 | D:2      | Found a faded altar of an unknown god.
  2535 | D:3      | Found Zifew's General Store.
  2541 | D:3      | Bought a scroll of identify for 20 gold pieces
  2574 | D:3      | Found Ecita's Jewellery Shoppe.
  2619 | D:3      | Noticed Terence
  2626 | D:3      | Killed Terence
  2627 | D:3      | Reached skill level 1 in Hexes
  2627 | D:3      | Reached XP level 5. HP: 38/38 MP: 2/10
  2923 | D:3      | Found Vyekloskik's Antique Armour Boutique.
  3056 | D:3      | Found Fioskar's Book Emporium.
  3179 | D:3      | Found Beh Nucw's Jewellery Boutique.
  3400 | D:4      | Noticed a black bear
  3433 | D:4      | Found Homypn's Book Boutique.
  3487 | D:4      | Found a staircase to the Ecumenical Temple.
  3501 | Temple   | Entered the Ecumenical Temple
  3512 | Temple   | Became a worshipper of Vehumet
  3535 | D:4      | Noticed Sigmund
  3588 | D:4      | Reached skill level 4 in Spellcasting
  3701 | D:4      | Reached skill level 2 in Hexes
  3701 | D:4      | Reached XP level 6. HP: 45/45 MP: 8/12
  3964 | D:4      | Reached skill level 6 in Conjurations
  4372 | D:5      | Entered Level 5 of the Dungeon
  4381 | D:5      | Identified a scroll of acquirement
  4382 | D:5      | Acquired the ring of Imuntid {rPois rN+ Will+ Str-2 Int+8}
  4392 | D:5      | You pick up a book of Annihilations and begin reading...
  4392 | D:5      | You add the spells Chain Lightning, Fire Storm and Shatter
                  | to your library.
  4544 | D:5      | Your scales start taking on a fiery red colour.
  4544 | D:5      | Reached XP level 7. HP: 48/50 MP: 6/13
  4544 | D:5      | Gained mutation: Your flesh is heat resistant. (rF+) [Red
                  | Draconian growth]
  4640 | D:5      | Acquired the scarf of Gozag's Brutal Revenge {+Inv, Drain
                  | rC+ Will++ rCorr}
  4649 | D:5      | Reached skill level 3 in Hexes
  5028 | D:5      | Noticed Menkaure
  5072 | D:5      | Reached skill level 5 in Spellcasting
  5078 | D:5      | Killed Menkaure
  5319 | D:5      | Found Oten's Weapon Shop.
  5328 | D:5      | Learned a level 4 spell: Iskenderun's Mystic Blast
  5421 | D:5      | Reached * piety under Vehumet
  5421 | D:5      | Offered knowledge of Sandblast by Vehumet.
  5459 | D:5      | Found a broken altar of Ashenzari.
  5482 | D:5      | Found a bloodstained altar of Trog.
  5489 | D:5      | Reached skill level 1 in Translocations
  5492 | D:5      | Reached skill level 2 in Translocations
  5492 | D:5      | Reached XP level 8. HP: 57/57 MP: 4/16
  5708 | D:6      | Reached skill level 6 in Spellcasting
  5834 | D:6      | Reached skill level 3 in Translocations
  6084 | D:6      | Found a shadowy altar of Dithmenos.
  6088 | D:6      | Found an iron altar of Okawaru.
  6091 | D:6      | Found a shimmering altar of Xom.
  6096 | D:6      | Found an opulent altar of Gozag.
  6097 | D:6      | Found a stormy altar of Qazlal.
  6097 | D:6      | Found a hazy altar of Hepliaklqana.
  6103 | D:6      | Found a sacrificial altar of Ru.
  6110 | D:6      | Reached skill level 4 in Translocations
  6221 | D:6      | Noticed Dowan
  6245 | D:6      | Noticed Duvessa
  6449 | D:6      | Reached skill level 7 in Spellcasting
  6523 | D:6      | Killed Dowan
  6523 | D:6      | Killed Duvessa
  6524 | D:6      | Reached skill level 5 in Translocations
  6588 | D:6      | You pick up a book of Iron and begin reading...
  6588 | D:6      | You add the spells Summon Lightning Spire and Lee's Rapid
                  | Deconstruction to your library.
  6645 | D:6      | Learned a level 2 spell: Scorch
  6699 | D:7      | Reached skill level 1 in Fire Magic
  6791 | D:7      | Reached skill level 2 in Fire Magic
  6796 | D:7      | Reached XP level 9. HP: 57/62 MP: 4/19
  6957 | D:7      | Reached skill level 3 in Fire Magic
  7139 | D:7      | Reached skill level 4 in Fire Magic
  7209 | D:7      | Noticed Pikel
  7218 | D:7      | Killed Pikel
  7219 | D:7      | Reached skill level 7 in Fire Magic
  7242 | D:6      | Reached ** piety under Vehumet
  7392 | D:7      | Offered knowledge of Foxfire by Vehumet.
  7878 | D:8      | Reached skill level 8 in Fire Magic
  8053 | D:8      | Reached skill level 1 in Fighting
  8053 | D:8      | Reached skill level 2 in Dodging
  8165 | D:8      | Reached skill level 2 in Fighting
  8177 | D:8      | Reached skill level 3 in Dodging
  8178 | D:8      | Noticed Joseph
  8200 | D:7      | Reached skill level 3 in Fighting
  8344 | D:8      | Killed Joseph
  8344 | D:8      | Offered knowledge of Volatile Blastmotes by Vehumet.
  8345 | D:8      | Reached skill level 4 in Fighting
  8345 | D:8      | Reached XP level 10. HP: 32/78 MP: 9/20
  8357 | D:8      | Reached skill level 4 in Dodging
  8649 | D:8      | You pick up a book of Touch and begin reading...
  8649 | D:8      | You add the spells Kiss of Death, Confusing Touch and
                  | Dispel Undead to your library.
  8718 | D:8      | Reached skill level 5 in Fighting
  8753 | D:8      | Reached *** piety under Vehumet
  9295 | D:9      | Identified the +1 leather armour "Kaja" {rF+ Dex-4 Slay+3}
  9326 | D:9      | Reached skill level 5 in Dodging
  9628 | D:9      | Reached skill level 6 in Fighting
  9878 | D:9      | Reached skill level 7 in Conjurations
 10018 | D:9      | Offered knowledge of Ignite Poison by Vehumet.
 10699 | D:9      | magus.rc [v1.9.6]
 10704 | D:9      | Learned a level 4 spell: Summon Lightning Spire
 10949 | D:10     | Entered Level 10 of the Dungeon
 10957 | D:10     | Noticed an orc knight
 11047 | D:10     | Reached skill level 1 in Summonings
 11047 | D:10     | Reached skill level 1 in Air Magic
 11050 | D:10     | HP: 10/83 [orc knight/+0 glaive (29)]
 11411 | D:9      | magus.rc [v1.9.6]
 11468 | D:9      | Reached skill level 2 in Summonings
 11468 | D:9      | Reached skill level 2 in Air Magic
 11603 | D:10     | Noticed an elephant
 11610 | D:9      | Reached skill level 3 in Summonings
 11610 | D:9      | Reached skill level 3 in Air Magic
 12015 | D:9      | Reached XP level 11. HP: 89/89 MP: 18/22
 12058 | D:9      | Reached **** piety under Vehumet
 12083 | D:10     | Offered knowledge of Mephitic Cloud by Vehumet.
 12106 | D:9      | Reached skill level 4 in Summonings
 12106 | D:9      | Reached skill level 4 in Air Magic
 12291 | D:10     | Found Jysetzigge's Weapon Shoppe.
 12293 | D:10     | Found a staircase to the Orcish Mines.
 12295 | D:10     | Found Qorubraq's Armour Shoppe.
 12327 | D:10     | Killed an orc knight
 12524 | D:10     | Found a glowing golden altar of the Shining One.
 12575 | D:10     | Reached skill level 6 in Dodging
 12743 | D:10     | Found a staircase to the Lair.
 13179 | D:3      | Bought the ring of the Endless Wonders {Fly rF+ rC+ Int+3
                  | Dex+3} for 698 gold pieces
 13310 | Lair:1   | Entered Level 1 of the Lair of Beasts
 13329 | D:10     | Reached skill level 7 in Fighting
 13907 | Lair:1   | Identified the +8 quarterstaff of the Vestibule of Hell
                  | {flame, *Rage rPois rN+ Dex+5}
 13932 | Lair:1   | Reached skill level 8 in Fighting
 13932 | Lair:1   | Reached skill level 7 in Dodging
 14434 | Lair:1   | Reached skill level 9 in Fighting
 14526 | Lair:1   | Reached skill level 8 in Dodging
 14552 | Lair:1   | Reached XP level 12. HP: 77/105 MP: 3/23
 14809 | Lair:1   | Reached ***** piety under Vehumet
 14809 | Lair:1   | Offered knowledge of Airstrike by Vehumet.
 15163 | Lair:2   | Reached skill level 10 in Fighting
 15368 | Lair:2   | Reached skill level 9 in Dodging
 15671 | Lair:2   | Identified the +0 robe of the Circus Animal {*Slow +Inv
                  | rPois rF++}
 16323 | Lair:3   | Reached skill level 10 in Dodging
 16422 | Lair:3   | Reached skill level 8 in Spellcasting
 16884 | Lair:3   | Found a hole to the Spider Nest.
 17098 | Lair:3   | HP: 17/106 [skyshark (12)]
 17105 | Lair:3   | HP: 4/106 [skyshark (15)]
 17105 | Lair:3   | Slain by a skyshark

Vanquished Creatures
  Pikel (D:7)
  5 elephants (Lair:1)
  2 black mambas (Lair:1)
  Joseph (D:8)
  6 cane toads
  3 komodo dragons
  A troll (D:9)
  2 hornets
  A spectral elephant (Lair:3)
  4 blink frogs
  A culicivora (Lair:3)
  6 wyverns
  A basilisk (Lair:3)
  20 yaks
  6 steam dragons
  5 water moccasins
  Duvessa (D:6)
  4 orc warriors
  3 ice beasts
  4 sky beasts
  4 black bears
  5 centaurs
  11 wolves
  3 lemures
  An ogre (D:7)
  4 kobold brigands
  7 bullfrogs
  2 gnoll sergeants
  3 scorpions
  Dowan (D:6)
  4 killer bees
  An electric eel (D:9)
  4 howler monkeys (D:9)
  A gnoll bouda (D:7)
  7 hounds
  7 orc priests
  Terence (D:3)
  Jessica (D:2)
  4 iguanas
  A sleepcap (D:6)
  11 orc wizards
  16 gnolls
  2 adders
  2 shadow imps
  A white imp (D:4)
  An ufetubus (D:5)
  A worm (D:5)
  3 dart slugs
  47 orcs
  6 endoplasms
  2 giant cockroaches
  8 hobgoblins
  4 jackals (D:3)
  18 kobolds
  5 quokkas
  5 ball pythons
  9 bats
  2 frilled lizards (D:2)
  11 goblins
  4 rats
307 creatures vanquished.

Vanquished Creatures (collateral kills)
  An orc knight (D:10)
  A cane toad (Lair:2)
  A rime drake (Lair:3)
  3 blink frogs
  8 yaks
  A basilisk (Lair:1)
  Menkaure (D:5)
  2 water moccasins
  An orc warrior (D:9)
  3 black bears
  2 wolves (Lair:3)
  A nameless horror (D:9)
  A bullfrog (Lair:1)
  A howler monkey (D:10)
  An orc (D:9)
  A kobold (D:10)
29 creatures vanquished.

Vanquished Creatures (others)
  An orc warrior (D:9)
  A kobold (D:8)
  53 fulminant prisms
55 creatures vanquished.

Grand Total: 391 creatures vanquished

Table legend:
 A = Non-vault XP
 B = Vault XP
 C = Vault XP percentage of total XP
 D = Non-vault monster count
 E = Vault monster count
 F = Vault count percentage of total count
                 A         B        C        D         E       F
            +---------+---------+-------+---------+---------+-------
      Total |   24767 |    6401 |  20.5 |     290 |      43 |  12.9
            +---------+---------+-------+---------+---------+-------
        D:1 |      45 |       5 |  10.0 |      17 |       3 |  15.0
        D:2 |      79 |      57 |  41.9 |      25 |       7 |  21.9
        D:3 |      68 |      38 |  35.8 |      15 |       1 |   6.2
        D:4 |     359 |       0 |   0.0 |      17 |       0 |   0.0
        D:5 |     387 |     421 |  52.1 |      13 |       3 |  18.8
        D:6 |     930 |     216 |  18.8 |      17 |       2 |  10.5
        D:7 |     733 |     783 |  51.6 |      26 |       2 |   7.1
        D:8 |    1428 |    1179 |  45.2 |      33 |       6 |  15.4
        D:9 |    3624 |     551 |  13.2 |      48 |       4 |   7.7
       D:10 |    2820 |    1108 |  28.2 |      22 |       4 |  15.4
     Lair:1 |    8793 |       0 |   0.0 |      37 |       0 |   0.0
     Lair:2 |    3087 |       0 |   0.0 |      11 |       0 |   0.0
     Lair:3 |    2414 |    2043 |  45.8 |       9 |      11 |  55.0
            +---------+---------+-------+---------+---------+-------

Skill      XL: |  1  2  3  4  5  6  7  8  9 10 11 12 |
---------------+-------------------------------------+-----
Spellcasting   | 3 4 5 7 8 |  8.8
Conjurations   | 5 6 7 |  7.2
Hexes          | 1 2 3 |  3.8
Translocations | 2 5 |  5.0
Fire Magic     | 2 8 |  8.1
Fighting       | 4 6 9 10 | 10.0
Dodging        | 3 5 8 10 | 10.0
Summonings     | 3 4 |  4.5
Air Magic      | 3 4 |  4.5
Stealth        | |  1.7

Action                     |  1- 3 |  4- 6 |  7- 9 | 10-12 || total
---------------------------+-------+-------+-------+-------++-------
  Melee: Hand axe          |    17 |       |       |       ||    17
         Tailslap          |     3 |     1 |     8 |    23 ||    35
         Punch             |     1 |       |     1 |       ||     2
         Flail             |       |    13 |       |       ||    13
         Dagger            |       |     5 |    54 |    81 ||   140
         Quarterstaff      |       |       |       |    34 ||    34
   Cast: Magic Dart        |    56 |   110 |   121 |     1 ||   288
         Searing Ray       |     1 |     8 |    15 |    21 ||    45
         Fulminant Prism   |       |       |    24 |    29 ||    53
         Scorch            |       |       |    26 |   223 ||   249
         Summon Lightning  |       |       |       |    46 ||    46
Ability: Breathe Fire      |       |       |     3 |     7 ||    10
  Evoke: Wand              |       |       |     4 |     5 ||     9
    Use: Scroll            |       |    12 |     5 |    13 ||    30
         Potion            |       |     1 |       |       ||     1
   Stab: Distracted        |       |       |       |     1 ||     1
 Armour: Skin              |     3 |    18 |    43 |    93 ||   157
  Dodge: Dodged            |    14 |    26 |    77 |   286 ||   403
  Block: Other             |     4 |     7 |    24 |    75 ||   110
         Reflection        |       |       |     1 |     3 ||     4

Illustrated notes

Table legend:
 A = Kills in this place as a percentage of kills in the entire game.
 B = Kills by you in this place as a percentage of kills by you in the entire game.
 C = Kills by friends in this place as a percentage of kills by friends in the entire game.
 D = Other kills in this place as a percentage of other kills in the entire game.
 E = Experience gained in this place as a percentage of experience gained in the entire game.
 F = Experience gained in this place divided by the number of levels of this place that you have seen.
                   A       B       C       D       E      F
               +-------+-------+-------+-------+-------+----------------------
         Total | 100.0 | 100.0 | 100.0 | 100.0 | 100.0 | 2226.3
       Dungeon |  79.6 |  82.6 |  46.4 | 100.0 |  47.6 | 1483.1
          Lair |  20.4 |  17.4 |  53.6 |   0.0 |  52.4 | 5445.7
               +-------+-------+-------+-------+-------+----------------------

Table legend: (Time is in decaauts)
 A = Elapsed time spent in this place.
 B = Non-inter-level travel time spent in this place.
 C = Inter-level travel time spent in this place.
 D = Time resting spent in this place.
 E = Time spent auto-exploring this place.
 F = Levels seen in this place.
 G = Mean time per level.
                   A        B        C        D        E       F      G
               +--------+--------+--------+--------+--------+-----+--------+
         Total |  17229 |  15845 |   1384 |   3450 |  10025 |  14 | 1230.6 |
       Dungeon |  13437 |  12162 |   1275 |   2964 |   7382 |  10 | 1343.7 |
        Temple |     22 |      1 |     21 |      0 |      0 |   1 |   22.0 |
          Lair |   3768 |   3680 |     88 |    486 |   2643 |   3 | 1256.0 |
               +--------+--------+--------+--------+--------+-----+--------+

Top non-repeatable levels by time:
     D:9: 2820 daAuts
  Lair:1: 1835 daAuts
     D:5: 1504 daAuts
     D:8: 1388 daAuts
     D:1: 1375 daAuts
  Lair:2: 1258 daAuts
     D:6: 1253 daAuts
     D:2: 1160 daAuts
    D:10: 1034 daAuts
     D:4: 995 daAuts
     D:3: 976 daAuts
     D:7: 928 daAuts
  Lair:3: 675 daAuts
  Temple: 22 daAuts
